 Dungeon Crawl Stone Soup version 0.22-a0-782-g038298e (webtiles) character file.

11030 KyrpaJooseppi the Destroyer (level 11, -11/74 HPs)
             Began as a Grey Draconian Fire Elementalist on July 20, 2018.
             Was an Initiate of Vehumet.
             Killed from afar by an ogre mage (38 damage)
             ... with a bolt of lightning
             ... on level 2 of the Orcish Mines.
             The game lasted 00:37:06 (12010 turns).

KyrpaJooseppi the Destroyer (DrFE)                 Turns: 12010, Time: 00:37:07

Health: -11/74     AC: 16    Str: 11    XL:     11   Next: 44%
Magic:  3/24       EV: 12    Int: 19    God:    Vehumet [......]
Gold:   898        SH:  5    Dex: 15    Spells: 14/29 levels left

rFire    . . .     SeeInvis .   B - +4 rapier of Doom {pierce, Fragile rPois rC++ Dex+4}
rCold    + + .     Gourm    .   E - +0 buckler
rNeg     . . .     Faith    .   (armour unavailable)
rPois    +         Spirit   .   y - +0 hat
rElec    .         Reflect  .   z - +1 cloak
rCorr    .         Harm     .   (no gloves)
MR       .....                  e - +1 pair of boots
Stlth    ++........             (no amulet)
HPRegen  0.22/turn              (no ring)
MPRegen  0.19/turn              (no ring)

@: very slightly contaminated, slowed, very slow
A: walk through water, unfitting armour, unbreathing, cold-blooded, AC +12
a: Renounce Religion


You were on level 2 of the Orcish Mines.
You worshipped Vehumet.
Vehumet was noncommittal.
You were not hungry.

You visited 3 branches of the dungeon, and saw 13 of its levels.
You also visited: Ossuary.

You collected 1006 gold pieces.
You spent 108 gold pieces at shops.

Inventory:

Hand Weapons
 a - the +3 dagger "Figinumnah" {pierce, rC+}
   (You found it on level 6 of the Dungeon)

   It inflicts extra damage upon your enemies.
   It protects you from cold.
 b - the +7 Singing Sword
   (You found it on level 5 of the Dungeon)
 B - the +4 rapier of Doom (weapon) {pierce, Fragile rPois rC++ Dex+4}
   (You found it on level 8 of the Dungeon)

   It inflicts extra damage upon your enemies.
   It affects your dexterity (+4).
   It greatly protects you from cold.
   It protects you from poison.
   It will be destroyed if unequipped.
Missiles
 q - a throwing net (quivered)
Armour
 e - a +1 pair of boots (worn)
 y - a +0 hat (worn)
 z - a +1 cloak (worn)
 E - a +0 buckler (worn)
Jewellery
 U - an uncursed amulet of faith
Wands
 s - a wand of enslavement (4)
Scrolls
 h - 4 scrolls of fog
 i - 9 scrolls of teleportation
 j - 3 scrolls of magic mapping
 k - 3 scrolls of remove curse
 n - 3 scrolls of fear
 r - 2 scrolls of amnesia
 v - 2 scrolls of identify
Potions
 c - 3 potions of agility
 d - a potion of heal wounds
 f - 9 potions of curing
 g - 2 potions of mutation
 l - 3 potions of flight
 m - 4 potions of brilliance
 o - 2 potions of magic {unknown}
 p - a potion of haste
 t - 2 potions of invisibility {unknown}
 u - 3 potions of might
 w - a potion of lignification {unknown}
 x - 3 potions of resistance {unknown}
 D - a potion of berserk rage {unknown}
Comestibles
 C - 10 rations


   Skills:
 - Level 1.7 Dodging
 - Level 1.7 Stealth
 - Level 4.0 Shields
 + Level 9.9 Spellcasting
 - Level 10.7 Conjurations
 - Level 10.0 Fire Magic


You had 14 spell levels left.
You knew the following spells:

 Your Spells              Type           Power        Failure   Level  Hunger
b - Blink                 Tloc           N/A          12%         2    None
c - Conjure Flame         Conj/Fire      #####...     1%          3    None
f - Fireball              Conj/Fire      #####.....   3%          5    #####..
s - Sticky Flame          Conj/Fire      #####...     1%          4    ###....
z - Flame Tongue          Conj/Fire      #####        1%          1    None

Your spell library contained the following spells:

 Spells                   Type           Power        Failure   Level  Hunger
 Magic Dart               Conj           ####         1%          1    None
 Slow                     Hex            #.......     12%         2    None
 Confuse                  Hex            #.......     22%         3    None
 Throw Flame              Conj/Fire      #####.       1%          2    None
 Mephitic Cloud           Conj/Pois/Air  ###.....     5%          3    None
 Call Imp                 Summ           #.......     12%         2    None
 Stone Arrow              Conj/Erth      ####..       2%          3    None
 Confusing Touch          Hex            #.....       8%          1    None
 Passwall                 Tmut/Erth      #.......     12%         2    None
 Metabolic Englaciation   Hex/Ice        #.........   91%         5    #####..
 Lee's Rapid Deconstruct  Erth           #.........   91%         5    #####..
 Sandblast                Erth           #.....       8%          1    None
 Petrify                  Tmut/Erth      #.......     58%         4    ###....
 Inner Flame              Hex/Fire       ####....     2%          3    None
 Gell's Gravitas          Tloc           #.........   22%         3    None
 Yara's Violent Unravell  Hex/Tmut       #.........   91%         5    #####..


Dungeon Overview and Level Annotations

Branches:
Dungeon (10/15)            Temple (1/1) D:6             Orc (2/2) D:10
    Elf (0/3) Orc:2
   Lair: D:8-11

Altars:
Ashenzari
Cheibriados
Dithmenos
Elyvilon
Fedhas
Gozag
Hepliaklqana
Kikubaaqudgha
Makhleb
Nemelex Xobeh
Okawaru
Qazlal
Ru
Sif Muna
Trog
Uskayaw
Vehumet
Wu Jian
Xom
Yredelemnul
Zin
The Shining One

Shops:
D:9 [


Innate Abilities, Weirdness & Mutations

You can walk through water.
Your dull iron-grey scales are very hard. (AC +12)
You cannot fit into any form of body armour.
You can survive without breathing.
You are cold-blooded and may be slowed by cold attacks.


Message History

You don't have enough magic to cast that spell.
Unknown command.
The ogre mage gestures at you while chanting.
You resist with significant effort.
The ogre mage points at you and mumbles some strange words.
You feel yourself slow down.
The ogre mage points at the ogre and mumbles some strange words.
The ogre seems to speed up.
Casting: Fireball (safe; 3% risk of failure)
Confirm with . or Enter, or press ? or * to list all spells.
Aiming: Flame Tongue (safe; 1% risk of failure)
Press: ? - help, Shift-Dir - straight line, f - ogre
Aim: an ogre, wielding a giant club (almost dead, fast)
The flame tongue misses the ogre.
The flame tongue misses the ogre mage.
The orc warrior barely misses you.
A two-headed ogre comes into view.
It is wielding a giant spiked club and a giant club.
The ogre mage casts a spell at you. The bolt of lightning hits you!
Ouch! That really hurt!
You die...

#....#......#...##
...........#.#...####
#.............#...#.##
.............#.......#####
................<......#.##
.#....................)...#
#................).)...#.##
##...............)..######
#............oO.@<..###
...........))...[#)##.##
..).........O....[.)...#
........)......).......#
.........>...#.....#..##
........O.............#
.....................##
......................#
..#.#......(.........##


You could see an ogre mage, an orc warrior and an ogre.

Vanquished Creatures
  6 two-headed ogres
  An orc sorcerer (Orc:2)
  A cyclops (Orc:2)
  Psyche (D:10)
  A gargoyle (D:10)
  A troll (D:9)
  A hornet (D:9)
  A hippogriff (D:8)
  A spriggan (D:7)
  A hungry ghost (D:10)
  A water moccasin (D:9)
  5 orc warriors
  2 ice beasts
  2 sky beasts
  12 ogres
  4 centaurs
  2 phantoms
  A big kobold (D:7)
  3 bullfrogs
  A gnoll sergeant (D:10)
  A wyvern skeleton (D:4)
  A wyvern zombie (D:8)
  2 scorpions
  5 killer bees (D:10)
  6 crimson imps
  3 bullfrog zombies
  2 centaur zombies
  A quasit (D:7)
  2 bullfrog skeletons
  5 hounds
  2 jellies
  8 orc priests
  12 orc wizards
  A centaur skeleton (D:4)
  2 iguanas (D:6)
  4 worker ants
  A hound skeleton (D:5)
  11 mummies (Ossuary)
  A worker ant zombie (D:5)
  11 adders
  14 gnolls
  2 shadow imps (D:5)
  2 oozes
  An adder zombie (D:10)
  3 adder skeletons
  A worm (D:2)
  5 leopard geckos
  33 orcs
  A ball python (D:6)
  7 bats
  5 giant cockroaches
  9 goblins
  3 hobgoblins
  8 jackals
  5 quokkas
  6 frilled lizards
  2 gnoll skeletons (Ossuary)
  A goblin skeleton (Ossuary)
  2 jackal skeletons
  9 kobolds
  A leopard gecko skeleton (D:4)
  A leopard gecko zombie (D:6)
  4 orc skeletons (Ossuary)
  8 rats
  11 rat skeletons (Ossuary)
273 creatures vanquished.

Vanquished Creatures (collateral kills)
  An ogre (Orc:2)
1 creature vanquished.

Vanquished Creatures (others)
  A two-headed ogre (Orc:2)
  A kobold skeleton (Ossuary)
2 creatures vanquished.

Grand Total: 276 creatures vanquished

Notes
Turn   | Place    | Note
-------+----------+-------------------------------------------
     0 | D:1      | KyrpaJooseppi the Draconian Fire Elementalist began the quest for the Orb.
     0 | D:1      | Reached XP level 1. HP: 14/14 MP: 3/3
   315 | D:1      | Reached XP level 2. HP: 7/20 MP: 0/5
  1242 | D:2      | Reached XP level 3. HP: 26/26 MP: 3/6
  1426 | D:2      | Learned a level 3 spell: Conjure Flame
  1900 | D:2      | Reached XP level 4. HP: 29/33 MP: 1/7
  2917 | D:3      | Found a glowing golden altar of the Shining One.
  2997 | D:3      | Reached XP level 5. HP: 38/38 MP: 5/8
  3222 | D:3      | Reached skill level 5 in Conjurations
  3304 | D:3      | Learned a level 4 spell: Sticky Flame
  3435 | D:4      | Noticed an ogre
  3448 | D:4      | Killed an ogre
  3610 | D:4      | Reached XP level 6. HP: 7/45 MP: 0/9
  3976 | D:4      | Reached skill level 5 in Fire Magic
  4467 | D:4      | Found a sparkling altar of Nemelex Xobeh.
  4473 | D:4      | Found an iron altar of Okawaru.
  4473 | D:4      | Found an ancient bone altar of Kikubaaqudgha.
  4473 | D:4      | Found a bloodstained altar of Trog.
  4538 | D:4      | Found a basalt altar of Yredelemnul.
  4542 | D:4      | Found a shattered altar of Ashenzari.
  4543 | D:4      | Found a snail-covered altar of Cheibriados.
  4544 | D:4      | Found a stormy altar of Qazlal.
  4579 | D:5      | Entered Level 5 of the Dungeon
  4668 | D:5      | Your scales start taking on a dull iron-grey colour.
  4668 | D:5      | Reached XP level 7. HP: 37/50 MP: 0/10
  4668 | D:5      | Gained mutation: You can survive without breathing. [Grey Draconian growth]
  4885 | D:5      | Found a sparkling altar of Nemelex Xobeh.
  5011 | D:5      | Found the +7 Singing Sword
  5137 | D:5      | Found a sand-covered staircase.
  5158 | Ossuary  | Entered an ossuary
  6174 | D:6      | You fall through a shaft!
  6208 | D:7      | Reached XP level 8. HP: 57/57 MP: 7/12
  6398 | D:7      | Reached skill level 5 in Spellcasting
  6468 | D:7      | Learned a level 5 spell: Fireball
  6720 | D:6      | Found a staircase to the Ecumenical Temple.
  6722 | D:6      | Got an iridescent dagger
  6723 | D:6      | Identified the cursed +3 dagger "Figinumnah" {pierce, rC+} (You found it on level 6 of the Dungeon)
  6828 | D:6      | Noticed a rust devil
  6875 | Temple   | Entered the Ecumenical Temple
  6974 | D:6      | Noticed an angel
  7239 | D:6      | Reached XP level 9. HP: 49/62 MP: 8/16
  7555 | D:6      | Found an iron altar of Okawaru.
  7980 | D:8      | Found an ornate altar of the Wu Jian Council.
  8066 | D:8      | Noticed a two-headed ogre
  8075 | D:8      | Killed a two-headed ogre
  8075 | D:8      | Reached skill level 10 in Conjurations
  8084 | D:8      | Noticed a two-headed ogre
  8186 | D:8      | Killed a two-headed ogre
  8186 | D:8      | Reached XP level 10. HP: 45/69 MP: 3/17
  8281 | D:8      | Got a faintly glowing rapier
  8282 | D:8      | Identified the +4 rapier of Doom {pierce, Fragile rPois rC++ Dex+4} (You found it on level 8 of the Dungeon)
  8522 | D:8      | Learned a level 2 spell: Blink
  9270 | D:9      | Reached skill level 10 in Fire Magic
  9487 | D:9      | Found a radiant altar of Vehumet.
  9488 | D:9      | Found a blossoming altar of Fedhas.
  9612 | D:9      | Found Teuvy's Antique Armour Boutique.
  9620 | D:9      | Bought a buckler for 108 gold pieces
  9673 | D:10     | Entered Level 10 of the Dungeon
  9684 | D:10     | Reached skill level 1 in Shields
 10111 | D:10     | Noticed Psyche
 10117 | D:10     | Killed Psyche
 10375 | D:10     | Noticed a gargoyle
 10400 | D:10     | Killed a gargoyle
 10467 | D:10     | Found a staircase to the Orcish Mines.
 10693 | D:9      | Became a worshipper of Vehumet
 10730 | Orc:1    | Entered Level 1 of the Orcish Mines
 11227 | Orc:2    | Entered Level 2 of the Orcish Mines
 11228 | Orc:2    | Found a staircase to the Elven Halls.
 11261 | Orc:2    | Noticed an orc sorcerer
 11275 | Orc:2    | Killed an orc sorcerer
 11335 | Orc:2    | Reached XP level 11. HP: 55/74 MP: 17/22
 11538 | Orc:2    | Noticed a two-headed ogre
 11559 | Orc:2    | Killed a two-headed ogre
 11598 | Orc:2    | Noticed a two-headed ogre
 11616 | Orc:2    | Killed a two-headed ogre
 11727 | Orc:2    | Noticed a two-headed ogre
 11780 | Orc:2    | Killed a two-headed ogre
 11981 | Orc:2    | Noticed a two-headed ogre
 11985 | Orc:2    | Noticed a two-headed ogre
 11993 | Orc:2    | Killed a two-headed ogre
 11999 | Orc:2    | Noticed an ogre mage
 12009 | Orc:2    | Noticed a two-headed ogre
 12010 | Orc:2    | Killed from afar by an ogre mage

Vault maps used:
D:1:      minmay_arrival_arboretum_small, minmay_misc_feat_doors
D:2:      first_ration, minmay_misc_feat_nine_boxes
D:3:      tso_oasis_becter
D:4:      minmay_opposing_rooms, minitemple
D:5:      chequers_ossuary_entry_cave, nemelex_dance_club_becter
D:6:      temple_garden, basic_altar
D:7:      the_bakery
D:8:      nicolae_overflow_crystal_walls
D:9:      nicolae_overflow_hidden_temple, serial_shops, shop
D:10:     orc_0_dummy, uniq_psyche
Temple:   cyrus_temple_forest
Orc:1:    nicolae_orc_rockfall
Orc:2:    st_orc_ogre_mass
Ossuary:  ossuary_due_small_catacomb

Skill      XL: |  1  2  3  4  5  6  7  8  9 10 11 |
---------------+----------------------------------+-----
Conjurations   | 2 3 4 5 7 10 | 10.7
Fire Magic     | 4 6 7 9 10 | 10.0
Spellcasting   | 3 5 7 9 |  9.9
Shields        | 4 |  4.0
Dodging        | |  1.7
Stealth        | |  1.7

Action                   |  1- 3 |  4- 6 |  7- 9 | 10-12 || total
-------------------------+-------+-------+-------+-------++-------
Melee: Dagger            |     5 |       |     3 |       ||     8
       Unarmed           |     2 |    32 |     1 |       ||    35
       Tailslap          |       |     2 |    19 |    16 ||    37
       Double sword      |       |       |   171 |     9 ||   180
       Rapier            |       |       |       |   136 ||   136
 Cast: Flame Tongue      |    68 |   120 |    45 |    61 ||   294
       Sticky Flame      |       |     4 |    21 |    26 ||    51
       Fireball          |       |       |     6 |    18 ||    24
       Conjure Flame     |       |       |     1 |     6 ||     7
Evoke: Wand              |       |       |       |    16 ||    16
  Use: Scroll            |     7 |    10 |     5 |     4 ||    26
       Potion            |       |       |       |     2 ||     2
 Stab: Distracted        |       |     1 |       |     2 ||     3
       Sleeping          |       |       |     5 |     1 ||     6
  Eat: Chunk             |     3 |     6 |     9 |     9 ||    27
       Ration            |       |     2 |     3 |     3 ||     8
Armor: Skin              |    19 |    31 |   124 |    78 ||   252
Dodge: Dodged            |    32 |    70 |   137 |   109 ||   348
Block: Buckler           |       |       |       |    31 ||    31
       Rpst.: Double sword |       |       |    47 |     4 ||    51

Table legend:
 A = Spawn XP
 B = Non-spawn XP
 C = Spawn XP percentage of total XP
 D = Spawn monster count
 E = Non-spawn monster count
 F = Spawn count percentage of total count
 G = Total turns spent on level
                    A         B        C        D         E        F      G
               +---------+---------+-------+---------+---------+-------+---------
         Total |       0 |   15758 |   0.0 |       0 |     274 |   0.0 | 12010
               +---------+---------+-------+---------+---------+-------+---------
           D:1 |       0 |      24 |   0.0 |       0 |      15 |   0.0 |  1071
           D:2 |       0 |      89 |   0.0 |       0 |      25 |   0.0 |  1381
           D:3 |       0 |     122 |   0.0 |       0 |      25 |   0.0 |   971
           D:4 |       0 |     450 |   0.0 |       0 |      18 |   0.0 |  1219
           D:5 |       0 |     554 |   0.0 |       0 |      21 |   0.0 |   944
           D:6 |       0 |     980 |   0.0 |       0 |      29 |   0.0 |   891
           D:7 |       0 |    1076 |   0.0 |       0 |      23 |   0.0 |   772
           D:8 |       0 |    2692 |   0.0 |       0 |      15 |   0.0 |   537
           D:9 |       0 |    1382 |   0.0 |       0 |      12 |   0.0 |  1352
          D:10 |       0 |    2043 |   0.0 |       0 |      29 |   0.0 |  1041
         Orc:1 |       0 |     648 |   0.0 |       0 |      12 |   0.0 |   617
         Orc:2 |       0 |    5485 |   0.0 |       0 |      21 |   0.0 |   447
       Ossuary |       0 |     213 |   0.0 |       0 |      29 |   0.0 |   680
               +---------+---------+-------+---------+---------+-------+---------
